[ PARTIDA AOE2 · #482289226 ]
Team RMPolacos vs Sicilians
[ ANÁLISIS DE REPETICIÓN · EXTRAÍDO DE LA PARTIDA GRABADA ]
Feudal
—
Castillos
—
Imperial
—
| APM promedio | 15.8 |
| APM pico | 55 |
| eAPM promedio | 7.4 |
| Aldeanos / militares | 115 / 2 |
Foco
⚔️ 8.2% · 🌾 91.8%
Trebuchet (Packed) ×2
Feudal
—
Castillos
—
Imperial
—
| APM promedio | 20.4 |
| APM pico | 74 |
| eAPM promedio | 10.1 |
| Aldeanos / militares | 103 / 33 |
Foco
⚔️ 13.5% · 🌾 86.5%
Janissary ×33
Feudal
11:52
Castillos
15:35
Imperial
29:23
| APM promedio | 35.4 |
| APM pico | 91 |
| eAPM promedio | 20.1 |
| Aldeanos / militares | 137 / 161 |
Foco
⚔️ 37.4% · 🌾 62.6%
Camel Scout ×82 · Hand Cannoneer ×70 · Petard ×4 · Monk ×3 · Trebuchet (Packed) ×2
Feudal
—
Castillos
—
Imperial
—
| APM promedio | 14.3 |
| APM pico | 38 |
| eAPM promedio | 12.6 |
| Aldeanos / militares | 135 / 56 |
Foco
⚔️ 20.6% · 🌾 79.4%
Spearman ×43 · Teutonic Knight ×12 · Monk ×1
Feudal
11:55
Castillos
18:23
Imperial
32:08
| APM promedio | 12.0 |
| APM pico | 51 |
| eAPM promedio | 11.4 |
| Aldeanos / militares | 125 / 22 |
Foco
⚔️ 14.6% · 🌾 85.4%
Chakram Thrower ×18 · Trade Cart ×11 · Monk ×2 · Trebuchet (Packed) ×2
Feudal
—
Castillos
—
Imperial
—
| APM promedio | 7.5 |
| APM pico | 23 |
| eAPM promedio | 5.5 |
| Aldeanos / militares | 45 / 10 |
Foco
⚔️ 15.4% · 🌾 84.6%
Spearman ×3 · Conquistador ×3 · Trebuchet (Packed) ×3 · Scorpion ×1 · Trade Cart ×1
Feudal
11:39
Castillos
15:07
Imperial
31:23
| APM promedio | 32.5 |
| APM pico | 91 |
| eAPM promedio | 16.4 |
| Aldeanos / militares | 130 / 93 |
Foco
⚔️ 21.9% · 🌾 78.1%
Militia ×93
Feudal
—
Castillos
—
Imperial
—
| APM promedio | 16.0 |
| APM pico | 40 |
| eAPM promedio | 11.8 |
| Aldeanos / militares | 90 / 49 |
Foco
⚔️ 19.8% · 🌾 80.2%
Archer ×25 · Militia ×7 · Spearman ×7 · Cataphract ×7 · Trade Cart ×3 · Trebuchet (Packed) ×3
Mapa de la partida
Recursos iniciales + cada clic de construcción. Líneas = muros · curvas = relieve. ◆ oro · ⬟ piedra · ● bayas · ✦ reliquia · ◌ hueco del cierre
Tu base· ✓ Cerrada en 13:50 · 0t muro · 3 puerta(s)
Base de jajaJAZ8720· ✓ Cerrada en 16:22 · 0t muro · 2 puerta(s)
Base de 中手· ✓ Cerrada en 15:35 · 0t muro · 2 puerta(s)
Base de Sandokan2023· ✓ Cerrada en 14:18 · 0t muro · 2 puerta(s)
Base de AOE2· ✓ Cerrada en 18:23 · 0t muro · 3 puerta(s)
Base de blader236· ✓ Cerrada en 17:50 · 0t muro · 3 puerta(s)
Base de 649stone· ✓ Cerrada en 15:07 · 0t muro · 3 puerta(s)
Base de Stavros133936· ✓ Cerrada en 16:55 · 0t muro · 2 puerta(s)
Terreno inicial suavizado · ◌ = hueco del cierre detectado · pasá el cursor para detalles
Inputs por minuto
— FraButtu89 - - jajaJAZ8720
Build order — FraButtu89
Primeras 150 de 178 acciones detectadas
| 0:06 | Construir | House |
| 0:08 | Construir | House |
| 0:12 | Construir | House |
| 0:14 | Crear | Villager (Male) ×4 |
| 2:13 | Crear | Villager (Male) |
| 2:14 | Crear | Villager (Male) |
| 3:06 | Crear | Villager (Male) |
| 3:06 | Crear | Villager (Male) |
| 3:06 | Crear | Villager (Male) |
| 3:59 | Construir | Mill |
| 4:05 | Crear | Villager (Male) |
| 4:05 | Crear | Villager (Male) |
| 4:05 | Crear | Villager (Male) |
| 4:06 | Crear | Villager (Male) |
| 5:00 | Crear | Villager (Male) |
| 5:00 | Crear | Villager (Male) |
| 5:00 | Crear | Villager (Male) |
| 5:00 | Crear | Villager (Male) |
| 6:15 | Crear | Villager (Male) |
| 6:15 | Crear | Villager (Male) |
| 7:06 | Crear | Villager (Male) |
| 7:06 | Crear | Villager (Male) |
| 8:05 | Construir | House |
| 8:09 | Crear | Villager (Male) |
| 8:45 | Construir | Lumber Camp |
| 8:48 | Crear | Villager (Male) |
| 8:49 | Crear | Villager (Male) |
| 9:26 | Investigar | Feudal Age |
| 10:00 | Construir | Mining Camp |
| 10:28 | Crear | Villager (Male) |
| 10:28 | Crear | Villager (Male) |
| 11:58 | Construir | Market |
| 12:05 | Crear | Villager (Male) |
| 12:38 | Construir | Blacksmith |
| 12:45 | Construir | House |
| 12:46 | Construir | House |
| 13:01 | Crear | Villager (Male) |
| 13:15 | Construir | Mining Camp |
| 13:22 | Crear | Villager (Male) |
| 13:23 | Crear | Villager (Male) |
| 13:50 | Investigar | Castle Age |
| 13:58 | Construir | Farm |
| 13:59 | Construir | Farm |
| 14:00 | Construir | Farm |
| 14:07 | Construir | Farm |
| 14:16 | Construir | Farm |
| 14:18 | Construir | Farm |
| 14:55 | Construir | Farm |
| 15:03 | Investigar | Double-Bit Axe |
| 15:22 | Investigar | Horse Collar |
| 16:18 | Crear | Villager (Male) |
| 16:39 | Construir | Town Center |
| 16:56 | Investigar | Bow Saw |
| 17:07 | Crear | Villager (Male) |
| 17:38 | Crear | Villager (Male) |
| 17:46 | Investigar | Heavy Plow |
| 18:10 | Crear | Villager (Male) ×2 |
| 18:55 | Construir | Town Center |
| 19:35 | Crear | Villager (Male) ×4 |
| 19:36 | Crear | Villager (Male) ×4 |
| 20:23 | Construir | Castle |
| 20:28 | Construir | Mining Camp |
| 20:37 | Construir | Farm |
| 20:39 | Construir | Farm |
| 20:43 | Crear | Villager (Male) ×3 |
| 20:43 | Crear | Villager (Male) ×3 |
| 21:23 | Construir | Farm |
| 21:31 | Construir | Farm |
| 21:36 | Crear | Villager (Male) ×3 |
| 21:37 | Crear | Villager (Male) ×3 |
| 21:56 | Construir | Mill |
| 21:58 | Construir | Farm |
| 22:06 | Construir | Farm |
| 22:07 | Construir | Farm |
| 22:10 | Construir | Farm |
| 22:11 | Construir | Farm |
| 22:29 | Construir | Barracks |
| 22:46 | Construir | Farm |
| 22:54 | Construir | Farm |
| 23:01 | Construir | Farm |
| 23:05 | Crear | Villager (Male) ×5 |
| 23:05 | Crear | Villager (Male) ×5 |
| 23:23 | Construir | Mill |
| 23:27 | Construir | Farm |
| 23:29 | Construir | Farm |
| 23:30 | Construir | Farm |
| 23:32 | Construir | Farm |
| 23:33 | Construir | Farm |
| 23:35 | Construir | Farm |
| 23:36 | Construir | Farm |
| 23:45 | Construir | Barracks |
| 24:07 | Crear | Villager (Male) ×5 |
| 24:16 | Construir | Farm |
| 24:28 | Construir | Barracks |
| 24:46 | Crear | Villager (Male) ×5 |
| 25:22 | Crear | Villager (Male) ×5 |
| 25:52 | Construir | Mill |
| 25:57 | Construir | Farm |
| 25:58 | Construir | Farm |
| 25:59 | Construir | Farm |
| 26:01 | Construir | Farm |
| 26:03 | Construir | Farm |
| 26:05 | Construir | Farm |
| 26:06 | Construir | Farm |
| 26:28 | Construir | House |
| 26:28 | Construir | House |
| 26:29 | Construir | House |
| 26:30 | Construir | House |
| 26:30 | Construir | House |
| 26:31 | Construir | House |
| 26:31 | Construir | House |
| 26:33 | Construir | House |
| 26:53 | Construir | Farm |
| 27:11 | Investigar | Imperial Age |
| 27:45 | Construir | Town Center |
| 28:21 | Crear | Villager (Male) ×5 |
| 28:21 | Crear | Villager (Male) ×5 |
| 28:31 | Construir | Lumber Camp |
| 28:42 | Construir | Mining Camp |
| 29:00 | Construir | Mining Camp |
| 29:07 | Construir | House |
| 29:08 | Construir | House |
| 29:08 | Construir | House |
| 29:09 | Construir | House |
| 29:18 | Construir | Farm |
| 29:19 | Construir | Farm |
| 29:24 | Crear | Villager (Male) ×5 |
| 29:56 | Construir | Castle |
| 30:24 | Construir | Stable |
| 30:26 | Construir | Stable |
| 30:28 | Construir | Stable |
| 30:40 | Construir | Farm |
| 30:41 | Construir | Farm |
| 30:42 | Construir | Farm |
| 30:51 | Crear | Villager (Male) ×5 |
| 30:52 | Investigar | Wheelbarrow |
| 30:52 | Investigar | Town Watch |
| 31:09 | Crear | Trebuchet (Packed) |
| 31:14 | Investigar | Pikeman (upgrade) |
| 31:15 | Investigar | Squires |
| 31:25 | Construir | Farm |
| 31:28 | Construir | Farm |
| 31:35 | Construir | Farm |
| 31:44 | Construir | House |
| 31:46 | Construir | House |
| 31:46 | Construir | House |
| 31:46 | Construir | House |
| 31:48 | Construir | House |
| 31:48 | Construir | House |
| 31:49 | Construir | House |
Build order — jajaJAZ8720
Primeras 150 de 246 acciones detectadas
| 0:33 | Construir | House |
| 0:36 | Crear | Villager (Male) |
| 0:36 | Crear | Villager (Male) |
| 0:37 | Crear | Villager (Male) |
| 0:37 | Crear | Villager (Male) |
| 1:09 | Construir | House |
| 1:37 | Construir | House |
| 2:06 | Crear | Villager (Male) |
| 2:51 | Crear | Villager (Male) |
| 3:16 | Construir | House |
| 3:30 | Crear | Villager (Male) |
| 3:31 | Crear | Villager (Male) |
| 4:30 | Crear | Villager (Male) |
| 4:32 | Crear | Villager (Male) |
| 4:38 | Construir | House |
| 4:49 | Crear | Villager (Male) |
| 5:09 | Crear | Villager (Male) |
| 5:31 | Crear | Villager (Male) |
| 5:48 | Crear | Villager (Male) |
| 6:08 | Construir | Mining Camp |
| 6:11 | Crear | Villager (Male) |
| 6:42 | Crear | Villager (Male) |
| 7:24 | Crear | Villager (Male) |
| 7:54 | Crear | Villager (Male) |
| 8:10 | Construir | Lumber Camp |
| 8:40 | Crear | Villager (Male) |
| 9:04 | Crear | Villager (Male) |
| 9:18 | Construir | Mill |
| 9:34 | Investigar | Feudal Age |
| 10:25 | Construir | Farm |
| 10:26 | Construir | Farm |
| 10:27 | Construir | Farm |
| 10:28 | Construir | Farm |
| 10:30 | Construir | Farm |
| 10:32 | Construir | Farm |
| 10:34 | Construir | Farm |
| 11:25 | Crear | Villager (Male) |
| 11:29 | Crear | Villager (Male) |
| 11:34 | Crear | Villager (Male) |
| 11:35 | Crear | Villager (Male) |
| 12:12 | Construir | Farm |
| 12:14 | Crear | Villager (Male) |
| 12:43 | Construir | Mining Camp |
| 12:55 | Crear | Villager (Male) |
| 13:17 | Construir | House |
| 13:18 | Construir | House |
| 13:20 | Construir | House |
| 13:26 | Crear | Villager (Male) |
| 13:52 | Construir | Farm |
| 13:57 | Crear | Villager (Male) |
| 14:34 | Construir | House |
| 14:35 | Construir | House |
| 14:37 | Construir | House |
| 14:41 | Construir | Farm |
| 15:04 | Crear | Villager (Male) |
| 15:11 | Construir | Blacksmith |
| 15:27 | Construir | Market |
| 15:28 | Crear | Villager (Male) |
| 15:51 | Crear | Villager (Male) |
| 16:22 | Investigar | Castle Age |
| 18:16 | Crear | Villager (Male) |
| 18:23 | Investigar | Wheelbarrow |
| 18:23 | Crear | Villager (Male) |
| 18:27 | Crear | Villager (Male) |
| 19:06 | Construir | Town Center |
| 19:10 | Crear | Villager (Male) |
| 19:20 | Construir | Town Center |
| 19:52 | Construir | Farm |
| 20:31 | Crear | Villager (Male) |
| 20:32 | Crear | Villager (Male) |
| 20:34 | Construir | Farm |
| 20:34 | Construir | Farm |
| 20:39 | Crear | Villager (Male) |
| 20:45 | Crear | Villager (Male) |
| 20:45 | Crear | Villager (Male) |
| 20:46 | Crear | Villager (Male) |
| 21:06 | Crear | Villager (Male) |
| 21:06 | Crear | Villager (Male) |
| 21:12 | Crear | Villager (Male) |
| 21:13 | Crear | Villager (Male) |
| 21:20 | Construir | Farm |
| 21:23 | Construir | Farm |
| 21:28 | Construir | Farm |
| 21:38 | Construir | Castle |
| 21:41 | Crear | Villager (Male) |
| 21:49 | Crear | Villager (Male) |
| 21:49 | Crear | Villager (Male) |
| 21:52 | Crear | Villager (Male) |
| 21:52 | Crear | Villager (Male) |
| 22:01 | Construir | Farm |
| 22:03 | Construir | Farm |
| 22:04 | Construir | Farm |
| 22:05 | Construir | Farm |
| 22:36 | Construir | Farm |
| 22:43 | Crear | Villager (Male) |
| 22:43 | Crear | Villager (Male) |
| 22:58 | Crear | Villager (Male) |
| 22:58 | Crear | Villager (Male) |
| 22:58 | Crear | Villager (Male) |
| 23:00 | Crear | Villager (Male) |
| 23:00 | Crear | Villager (Male) |
| 23:02 | Crear | Villager (Male) |
| 23:20 | Construir | Mining Camp |
| 23:35 | Construir | Farm |
| 23:36 | Construir | Farm |
| 23:40 | Crear | Villager (Male) |
| 23:41 | Crear | Villager (Male) |
| 23:42 | Crear | Villager (Male) |
| 23:58 | Construir | House |
| 24:00 | Construir | House |
| 24:02 | Construir | House |
| 24:08 | Crear | Villager (Male) |
| 24:09 | Crear | Villager (Male) |
| 24:10 | Crear | Villager (Male) |
| 24:20 | Construir | Farm |
| 24:21 | Construir | Farm |
| 24:25 | Construir | Farm |
| 24:27 | Construir | Farm |
| 24:36 | Construir | Mill |
| 24:37 | Construir | Farm |
| 24:47 | Crear | Villager (Male) |
| 24:47 | Crear | Villager (Male) |
| 24:48 | Crear | Villager (Male) |
| 24:49 | Crear | Villager (Male) |
| 24:49 | Crear | Villager (Male) |
| 25:12 | Crear | Villager (Male) |
| 25:12 | Crear | Villager (Male) |
| 25:13 | Crear | Villager (Male) |
| 25:13 | Crear | Villager (Male) |
| 25:14 | Crear | Villager (Male) |
| 25:14 | Crear | Villager (Male) |
| 25:24 | Construir | Farm |
| 25:27 | Construir | Farm |
| 25:40 | Construir | Farm |
| 25:42 | Construir | Farm |
| 25:43 | Construir | Farm |
| 25:49 | Construir | House |
| 25:50 | Construir | House |
| 25:52 | Construir | House |
| 25:53 | Construir | House |
| 26:01 | Crear | Villager (Male) |
| 26:01 | Crear | Villager (Male) |
| 26:02 | Crear | Villager (Male) |
| 26:17 | Construir | Farm |
| 26:18 | Construir | Farm |
| 26:19 | Construir | Farm |
| 26:32 | Crear | Villager (Male) |
| 26:32 | Crear | Villager (Male) |
| 26:32 | Crear | Villager (Male) |
| 26:37 | Construir | Farm |
Build order — 中手
Primeras 150 de 471 acciones detectadas
| 0:02 | Crear | Villager (Male) ×4 |
| 0:04 | Construir | House |
| 0:06 | Construir | House |
| 1:10 | Crear | Villager (Male) |
| 1:10 | Crear | Villager (Male) |
| 1:30 | Crear | Villager (Male) |
| 1:30 | Crear | Villager (Male) |
| 2:21 | Crear | Villager (Male) |
| 2:21 | Crear | Villager (Male) |
| 2:23 | Construir | Lumber Camp |
| 3:04 | Crear | Villager (Male) |
| 3:04 | Crear | Villager (Male) |
| 3:04 | Crear | Villager (Male) |
| 3:42 | Construir | House |
| 3:43 | Construir | House |
| 3:50 | Crear | Villager (Male) |
| 3:51 | Crear | Villager (Male) |
| 3:51 | Crear | Villager (Male) |
| 4:19 | Crear | Villager (Male) |
| 4:19 | Crear | Villager (Male) |
| 4:41 | Construir | House |
| 4:50 | Crear | Villager (Male) |
| 4:50 | Crear | Villager (Male) |
| 4:51 | Crear | Villager (Male) |
| 5:38 | Crear | Villager (Male) |
| 5:38 | Crear | Villager (Male) |
| 6:20 | Construir | Mill |
| 7:10 | Construir | Farm |
| 7:17 | Construir | Farm |
| 7:21 | Construir | Farm |
| 7:46 | Crear | Villager (Male) |
| 7:47 | Crear | Villager (Male) |
| 7:47 | Crear | Villager (Male) |
| 8:48 | Construir | Mining Camp |
| 9:17 | Crear | Villager (Male) |
| 9:18 | Investigar | Feudal Age |
| 9:18 | Investigar | Feudal Age |
| 11:52 | Edad | Edad Feudal |
| 11:53 | Crear | Villager (Male) |
| 11:53 | Crear | Villager (Male) |
| 11:56 | Construir | Market |
| 11:58 | Construir | Blacksmith |
| 12:09 | Investigar | Horse Collar |
| 12:17 | Construir | Farm |
| 12:23 | Construir | Farm |
| 12:26 | Construir | Farm |
| 12:29 | Construir | Farm |
| 12:39 | Investigar | Double-Bit Axe |
| 12:39 | Investigar | Double-Bit Axe |
| 12:55 | Investigar | Castle Age |
| 12:55 | Investigar | Castle Age |
| 13:00 | Construir | House |
| 15:25 | Crear | Villager (Male) |
| 15:35 | Edad | Edad de los Castillos |
| 15:39 | Crear | Villager (Male) |
| 15:39 | Crear | Villager (Male) |
| 15:42 | Construir | Town Center |
| 15:50 | Construir | Monastery |
| 15:55 | Crear | Villager (Male) |
| 15:56 | Investigar | Bow Saw |
| 15:58 | Investigar | Heavy Plow |
| 16:15 | Crear | Villager (Male) |
| 16:22 | Crear | Villager (Male) |
| 16:36 | Construir | House |
| 16:56 | Crear | Monk |
| 16:59 | Crear | Villager (Male) |
| 17:03 | Construir | Town Center |
| 17:16 | Crear | Villager (Male) |
| 17:22 | Crear | Villager (Male) |
| 17:25 | Construir | Farm |
| 17:25 | Construir | Farm |
| 17:27 | Crear | Villager (Male) |
| 17:28 | Crear | Villager (Male) |
| 17:29 | Crear | Villager (Male) |
| 17:33 | Construir | House |
| 17:53 | Crear | Monk |
| 17:55 | Crear | Villager (Male) |
| 17:56 | Crear | Villager (Male) |
| 18:07 | Construir | House |
| 18:18 | Crear | Villager (Male) |
| 18:21 | Crear | Villager (Male) |
| 18:21 | Crear | Villager (Male) |
| 18:22 | Crear | Villager (Male) |
| 18:22 | Crear | Villager (Male) |
| 18:25 | Crear | Villager (Male) |
| 18:25 | Crear | Villager (Male) |
| 18:27 | Construir | Farm |
| 18:31 | Construir | Farm |
| 18:33 | Construir | Farm |
| 18:38 | Construir | Farm |
| 18:39 | Construir | Farm |
| 18:44 | Construir | House |
| 18:46 | Crear | Monk |
| 18:50 | Crear | Villager (Male) |
| 19:05 | Crear | Villager (Male) |
| 19:14 | Construir | Town Center |
| 19:21 | Construir | House |
| 19:32 | Crear | Villager (Male) |
| 19:35 | Construir | Farm |
| 19:37 | Crear | Villager (Male) |
| 19:41 | Construir | Farm |
| 19:42 | Crear | Villager (Male) |
| 19:53 | Crear | Villager (Male) |
| 19:57 | Construir | House |
| 19:57 | Construir | House |
| 20:00 | Crear | Villager (Male) |
| 20:05 | Construir | Farm |
| 20:16 | Crear | Villager (Male) |
| 20:21 | Construir | Farm |
| 20:23 | Crear | Villager (Male) |
| 20:27 | Construir | Farm |
| 20:28 | Investigar | Loom |
| 20:32 | Crear | Villager (Male) |
| 20:33 | Crear | Villager (Male) |
| 20:52 | Crear | Villager (Male) |
| 20:52 | Crear | Villager (Male) |
| 20:53 | Crear | Villager (Male) |
| 20:56 | Construir | Farm |
| 20:57 | Construir | Farm |
| 20:58 | Construir | Farm |
| 21:00 | Crear | Villager (Male) |
| 21:00 | Crear | Villager (Male) |
| 21:00 | Crear | Villager (Male) |
| 21:04 | Construir | Farm |
| 21:06 | Construir | Farm |
| 21:07 | Construir | Farm |
| 21:09 | Crear | Villager (Male) |
| 21:09 | Crear | Villager (Male) |
| 21:12 | Construir | House |
| 21:13 | Construir | House |
| 21:21 | Construir | Farm |
| 21:22 | Construir | Farm |
| 21:26 | Construir | Farm |
| 21:27 | Crear | Villager (Male) |
| 21:28 | Crear | Villager (Male) |
| 21:39 | Crear | Villager (Male) |
| 21:39 | Crear | Villager (Male) |
| 21:40 | Crear | Villager (Male) |
| 21:44 | Construir | Farm |
| 21:45 | Construir | Farm |
| 21:46 | Construir | Farm |
| 21:48 | Crear | Villager (Male) |
| 21:53 | Construir | Mill |
| 21:55 | Construir | Farm |
| 21:56 | Construir | Farm |
| 21:58 | Crear | Villager (Male) |
| 21:58 | Crear | Villager (Male) |
| 22:00 | Construir | Farm |
| 22:14 | Crear | Villager (Male) |
| 22:17 | Construir | House |
Build order — Sandokan2023
Primeras 150 de 302 acciones detectadas
| 0:01 | Investigar | Loom |
| 0:02 | Crear | Villager (Male) |
| 0:02 | Crear | Villager (Male) |
| 0:03 | Crear | Villager (Male) |
| 0:03 | Crear | Villager (Male) |
| 0:07 | Construir | House |
| 0:45 | Construir | House |
| 0:46 | Construir | House |
| 0:47 | Construir | House |
| 0:52 | Construir | Lumber Camp |
| 1:51 | Crear | Villager (Male) |
| 2:36 | Crear | Villager (Male) |
| 2:45 | Crear | Villager (Male) |
| 3:11 | Crear | Villager (Male) |
| 3:45 | Crear | Villager (Male) |
| 4:07 | Crear | Villager (Male) |
| 4:07 | Crear | Villager (Male) |
| 4:07 | Crear | Villager (Male) |
| 4:48 | Crear | Villager (Male) |
| 4:48 | Crear | Villager (Male) |
| 5:18 | Crear | Villager (Male) |
| 5:19 | Crear | Villager (Male) |
| 7:02 | Construir | Mill |
| 7:06 | Crear | Villager (Male) |
| 7:08 | Crear | Villager (Male) |
| 7:08 | Crear | Villager (Male) |
| 7:51 | Crear | Villager (Male) |
| 8:39 | Construir | Mining Camp |
| 8:42 | Investigar | Feudal Age |
| 9:28 | Crear | Villager (Male) |
| 9:28 | Crear | Villager (Male) |
| 9:28 | Crear | Villager (Male) |
| 10:00 | Construir | Farm |
| 10:39 | Construir | House |
| 10:41 | Construir | House |
| 10:42 | Construir | House |
| 10:43 | Construir | House |
| 10:45 | Construir | House |
| 10:47 | Construir | House |
| 10:48 | Construir | House |
| 10:50 | Construir | House |
| 10:51 | Construir | House |
| 10:52 | Construir | House |
| 10:54 | Construir | House |
| 10:55 | Construir | House |
| 11:27 | Construir | Blacksmith |
| 11:40 | Crear | Villager (Male) |
| 12:40 | Construir | Market |
| 13:03 | Construir | Farm |
| 13:10 | Construir | Farm |
| 13:33 | Crear | Villager (Male) |
| 13:52 | Construir | Farm |
| 13:57 | Construir | Farm |
| 14:18 | Investigar | Castle Age |
| 14:42 | Construir | Lumber Camp |
| 14:47 | Construir | Farm |
| 15:00 | Construir | Farm |
| 15:05 | Construir | Farm |
| 16:26 | Construir | House |
| 16:36 | Crear | Villager (Male) |
| 16:37 | Crear | Villager (Male) |
| 16:37 | Crear | Villager (Male) |
| 16:38 | Crear | Villager (Male) |
| 16:38 | Crear | Villager (Male) |
| 16:38 | Crear | Villager (Male) |
| 16:38 | Crear | Villager (Male) |
| 16:39 | Crear | Villager (Male) |
| 17:08 | Construir | Farm |
| 17:13 | Construir | Farm |
| 17:14 | Construir | Farm |
| 17:30 | Construir | Town Center |
| 17:49 | Construir | Town Center |
| 17:56 | Investigar | Double-Bit Axe |
| 18:13 | Construir | Farm |
| 18:15 | Construir | Farm |
| 18:17 | Construir | Farm |
| 18:42 | Investigar | Bow Saw |
| 19:00 | Construir | Farm |
| 19:02 | Crear | Villager (Male) |
| 19:03 | Crear | Villager (Male) |
| 19:03 | Crear | Villager (Male) |
| 19:23 | Investigar | Horse Collar |
| 19:27 | Crear | Villager (Male) |
| 19:37 | Crear | Villager (Male) |
| 19:37 | Crear | Villager (Male) |
| 20:11 | Construir | Farm |
| 20:12 | Construir | Farm |
| 20:15 | Construir | Farm |
| 20:18 | Construir | Farm |
| 20:20 | Crear | Villager (Male) |
| 20:21 | Crear | Villager (Male) |
| 20:21 | Crear | Villager (Male) |
| 20:21 | Crear | Villager (Male) |
| 20:35 | Crear | Villager (Male) |
| 20:44 | Crear | Villager (Male) |
| 20:47 | Crear | Villager (Male) |
| 20:49 | Crear | Villager (Male) |
| 21:25 | Construir | Monastery |
| 21:33 | Construir | University |
| 21:49 | Construir | Mill |
| 21:56 | Construir | Farm |
| 21:57 | Construir | Farm |
| 22:04 | Construir | House |
| 22:14 | Crear | Villager (Male) |
| 22:14 | Crear | Villager (Male) |
| 22:15 | Crear | Villager (Male) |
| 22:15 | Crear | Villager (Male) |
| 22:15 | Crear | Villager (Male) |
| 22:19 | Construir | Farm |
| 22:25 | Construir | Farm |
| 22:30 | Construir | Farm |
| 22:46 | Construir | Farm |
| 22:48 | Construir | Farm |
| 22:54 | Crear | Monk |
| 23:01 | Crear | Villager (Male) |
| 23:02 | Crear | Villager (Male) |
| 23:02 | Crear | Villager (Male) |
| 23:02 | Crear | Villager (Male) |
| 23:02 | Crear | Villager (Male) |
| 23:03 | Crear | Villager (Male) |
| 23:03 | Crear | Villager (Male) |
| 23:03 | Crear | Villager (Male) |
| 23:03 | Crear | Villager (Male) |
| 23:04 | Crear | Villager (Male) |
| 23:13 | Construir | Mining Camp |
| 23:18 | Crear | Villager (Male) |
| 23:25 | Crear | Villager (Male) |
| 23:31 | Crear | Villager (Male) |
| 23:46 | Crear | Villager (Male) |
| 23:47 | Crear | Villager (Male) |
| 23:47 | Crear | Villager (Male) |
| 24:01 | Crear | Villager (Male) |
| 24:02 | Crear | Villager (Male) |
| 24:14 | Construir | Town Center |
| 24:26 | Crear | Villager (Male) |
| 24:26 | Crear | Villager (Male) |
| 24:27 | Crear | Villager (Male) |
| 24:27 | Crear | Villager (Male) |
| 24:29 | Crear | Villager (Male) |
| 25:07 | Crear | Villager (Male) |
| 25:08 | Crear | Villager (Male) |
| 25:08 | Crear | Villager (Male) |
| 25:08 | Crear | Villager (Male) |
| 25:08 | Crear | Villager (Male) |
| 25:08 | Crear | Villager (Male) |
| 25:20 | Construir | Mining Camp |
| 25:45 | Construir | Mining Camp |
| 26:06 | Construir | Lumber Camp |
| 26:15 | Crear | Villager (Male) |
| 26:15 | Crear | Villager (Male) |
Build order — AOE2
Primeras 150 de 295 acciones detectadas
| 0:03 | Investigar | Loom |
| 0:03 | Crear | Villager (Male) |
| 0:03 | Crear | Villager (Male) |
| 0:04 | Crear | Villager (Male) |
| 0:04 | Crear | Villager (Male) |
| 0:04 | Crear | Villager (Male) |
| 0:04 | Crear | Villager (Male) |
| 0:06 | Construir | House |
| 0:08 | Construir | House |
| 0:09 | Construir | House |
| 0:40 | Construir | Mill |
| 1:46 | Crear | Villager (Male) |
| 1:47 | Crear | Villager (Male) |
| 2:19 | Crear | Villager (Male) |
| 3:04 | Crear | Villager (Male) |
| 3:06 | Crear | Villager (Male) |
| 3:32 | Crear | Villager (Male) |
| 3:32 | Crear | Villager (Male) |
| 4:18 | Crear | Villager (Male) |
| 4:18 | Crear | Villager (Male) |
| 4:18 | Crear | Villager (Male) |
| 5:35 | Crear | Villager (Male) |
| 5:35 | Crear | Villager (Male) |
| 5:35 | Crear | Villager (Male) |
| 5:35 | Crear | Villager (Male) |
| 5:36 | Crear | Villager (Male) |
| 5:37 | Crear | Villager (Male) |
| 5:37 | Crear | Villager (Male) |
| 5:38 | Crear | Villager (Male) |
| 5:50 | Construir | House |
| 6:13 | Construir | Lumber Camp |
| 7:40 | Construir | House |
| 7:47 | Construir | Mining Camp |
| 7:50 | Crear | Villager (Male) |
| 7:52 | Crear | Villager (Male) |
| 7:52 | Crear | Villager (Male) |
| 7:54 | Crear | Villager (Male) |
| 8:37 | Construir | Mining Camp |
| 9:19 | Investigar | Feudal Age |
| 11:15 | Construir | Mill |
| 11:55 | Edad | Edad Feudal |
| 12:03 | Crear | Villager (Male) |
| 12:03 | Crear | Villager (Male) |
| 12:04 | Crear | Villager (Male) |
| 12:17 | Construir | Market |
| 12:23 | Construir | Blacksmith |
| 12:31 | Investigar | Wheelbarrow |
| 14:31 | Construir | House |
| 14:32 | Construir | House |
| 14:34 | Construir | House |
| 14:35 | Construir | House |
| 15:43 | Investigar | Castle Age |
| 16:22 | Construir | Farm |
| 16:23 | Construir | Farm |
| 16:25 | Construir | Farm |
| 16:26 | Construir | Farm |
| 16:27 | Construir | Farm |
| 16:28 | Construir | Farm |
| 16:29 | Construir | Farm |
| 16:31 | Construir | Farm |
| 16:33 | Construir | Farm |
| 16:35 | Construir | Farm |
| 16:38 | Construir | Farm |
| 16:48 | Construir | House |
| 16:49 | Construir | House |
| 16:54 | Construir | House |
| 16:55 | Construir | House |
| 17:01 | Investigar | Double-Bit Axe |
| 17:02 | Investigar | Horse Collar |
| 18:12 | Investigar | Stone Mining |
| 18:23 | Edad | Edad de los Castillos |
| 18:33 | Crear | Villager (Male) |
| 18:34 | Crear | Villager (Male) |
| 18:34 | Crear | Villager (Male) |
| 18:36 | Crear | Villager (Male) |
| 18:42 | Construir | Town Center |
| 19:24 | Construir | Monastery |
| 19:31 | Crear | Villager (Male) |
| 19:32 | Crear | Villager (Male) |
| 19:59 | Crear | Villager (Male) |
| 19:59 | Crear | Villager (Male) |
| 19:59 | Crear | Villager (Male) |
| 19:59 | Crear | Villager (Male) |
| 20:06 | Crear | Villager (Male) |
| 20:09 | Crear | Monk |
| 20:30 | Construir | House |
| 20:31 | Construir | House |
| 20:32 | Construir | House |
| 20:34 | Construir | House |
| 20:35 | Construir | House |
| 20:55 | Crear | Monk |
| 21:32 | Crear | Villager (Male) |
| 21:32 | Crear | Villager (Male) |
| 21:33 | Crear | Villager (Male) |
| 21:35 | Crear | Villager (Male) |
| 21:42 | Construir | Town Center |
| 21:56 | Construir | Town Center |
| 22:03 | Crear | Villager (Male) |
| 22:05 | Crear | Villager (Male) |
| 22:05 | Crear | Villager (Male) |
| 22:06 | Crear | Villager (Male) |
| 23:04 | Construir | University |
| 23:07 | Construir | House |
| 23:08 | Construir | House |
| 23:13 | Construir | House |
| 23:14 | Construir | House |
| 23:15 | Construir | House |
| 23:21 | Crear | Villager (Male) |
| 23:21 | Crear | Villager (Male) |
| 23:21 | Crear | Villager (Male) |
| 23:22 | Crear | Villager (Male) |
| 23:24 | Crear | Villager (Male) |
| 23:25 | Crear | Villager (Male) |
| 23:25 | Crear | Villager (Male) |
| 23:25 | Crear | Villager (Male) |
| 23:28 | Crear | Villager (Male) |
| 23:28 | Crear | Villager (Male) |
| 23:28 | Crear | Villager (Male) |
| 23:35 | Crear | Villager (Male) |
| 23:36 | Crear | Villager (Male) |
| 24:29 | Construir | Farm |
| 24:31 | Construir | Farm |
| 24:32 | Construir | Farm |
| 24:33 | Construir | Farm |
| 24:34 | Construir | Farm |
| 24:35 | Construir | Farm |
| 24:38 | Construir | Farm |
| 24:39 | Construir | Farm |
| 24:41 | Construir | Farm |
| 24:46 | Crear | Villager (Male) |
| 24:46 | Crear | Villager (Male) |
| 24:47 | Crear | Villager (Male) |
| 24:48 | Crear | Villager (Male) |
| 24:48 | Crear | Villager (Male) |
| 24:50 | Crear | Villager (Male) |
| 24:50 | Crear | Villager (Male) |
| 24:51 | Crear | Villager (Male) |
| 24:59 | Construir | Farm |
| 25:01 | Construir | Farm |
| 25:02 | Construir | Farm |
| 25:03 | Construir | Farm |
| 25:05 | Construir | Farm |
| 25:07 | Construir | Farm |
| 25:08 | Construir | Farm |
| 25:13 | Crear | Villager (Male) |
| 25:13 | Crear | Villager (Male) |
| 25:13 | Crear | Villager (Male) |
| 25:21 | Construir | Farm |
| 25:22 | Construir | Farm |
| 25:23 | Construir | Farm |
Build order — blader236
110 acciones detectadas en el replay
| 0:19 | Construir | House |
| 0:21 | Construir | House |
| 0:25 | Construir | House |
| 0:44 | Crear | Villager (Male) |
| 0:44 | Crear | Villager (Male) |
| 0:44 | Crear | Villager (Male) |
| 0:44 | Crear | Villager (Male) |
| 1:37 | Construir | Lumber Camp |
| 2:28 | Crear | Villager (Male) |
| 2:28 | Crear | Villager (Male) |
| 3:06 | Crear | Villager (Male) |
| 3:07 | Crear | Villager (Male) |
| 3:07 | Crear | Villager (Male) |
| 3:34 | Crear | Villager (Male) |
| 4:04 | Crear | Villager (Male) |
| 4:52 | Construir | Mill |
| 4:57 | Crear | Villager (Male) |
| 5:00 | Crear | Villager (Male) |
| 5:26 | Crear | Villager (Male) |
| 6:16 | Crear | Villager (Male) |
| 7:01 | Construir | Mining Camp |
| 7:47 | Crear | Villager (Male) |
| 7:47 | Crear | Villager (Male) |
| 8:28 | Investigar | Loom |
| 9:41 | Construir | Barracks |
| 10:41 | Investigar | Feudal Age |
| 11:05 | Construir | Mining Camp |
| 11:16 | Crear | Villager (Male) |
| 11:16 | Crear | Villager (Male) |
| 11:17 | Crear | Villager (Male) |
| 11:17 | Crear | Villager (Male) |
| 11:17 | Crear | Villager (Male) |
| 11:17 | Crear | Villager (Male) |
| 11:31 | Construir | House |
| 11:32 | Construir | House |
| 12:09 | Construir | Farm |
| 12:52 | Investigar | Double-Bit Axe |
| 13:14 | Investigar | Horse Collar |
| 13:39 | Construir | Farm |
| 14:00 | Crear | Villager (Male) |
| 14:08 | Construir | Farm |
| 14:34 | Construir | Farm |
| 14:58 | Crear | Villager (Male) |
| 15:39 | Construir | Market |
| 16:47 | Construir | Blacksmith |
| 17:50 | Investigar | Castle Age |
| 18:09 | Crear | Villager (Male) |
| 18:10 | Crear | Villager (Male) |
| 18:10 | Crear | Villager (Male) |
| 18:24 | Construir | Archery Range |
| 18:51 | Construir | Outpost |
| 19:21 | Construir | Watch Tower |
| 19:38 | Construir | Farm |
| 19:42 | Construir | Farm |
| 19:49 | Investigar | Gold Mining |
| 20:19 | Investigar | Padded Archer Armor |
| 20:30 | Crear | Villager (Male) |
| 20:30 | Crear | Villager (Male) |
| 20:31 | Crear | Villager (Male) |
| 20:42 | Construir | Castle |
| 21:26 | Crear | Trade Cart |
| 21:34 | Construir | Farm |
| 21:44 | Crear | Villager (Male) |
| 21:44 | Crear | Villager (Male) |
| 22:08 | Construir | Stone Wall |
| 22:14 | Construir | Gate |
| 22:39 | Construir | Town Center |
| 22:47 | Crear | Conquistador |
| 23:25 | Investigar | Heavy Plow |
| 24:05 | Investigar | Bow Saw |
| 24:32 | Construir | Farm |
| 24:57 | Investigar | Wheelbarrow |
| 25:38 | Construir | Mining Camp |
| 27:29 | Investigar | Stone Mining |
| 27:41 | Investigar | Hand Cart |
| 28:09 | Crear | Villager (Male) |
| 28:09 | Crear | Villager (Male) |
| 28:09 | Crear | Villager (Male) |
| 28:09 | Crear | Villager (Male) |
| 28:10 | Crear | Villager (Male) |
| 29:44 | Construir | Siege Workshop |
| 29:55 | Construir | Stable |
| 30:17 | Investigar | Imperial Age |
| 31:27 | Construir | Stable |
| 31:30 | Construir | Siege Workshop |
| 31:34 | Construir | Barracks |
| 31:59 | Crear | Villager (Male) |
| 31:59 | Crear | Villager (Male) |
| 31:59 | Crear | Villager (Male) |
| 31:59 | Crear | Villager (Male) |
| 32:00 | Crear | Villager (Male) |
| 32:20 | Construir | Mining Camp |
| 32:44 | Crear | Conquistador |
| 32:44 | Crear | Conquistador |
| 33:45 | Construir | Town Center |
| 33:54 | Investigar | Pikeman (upgrade) |
| 34:10 | Construir | Farm |
| 34:45 | Investigar | Squires |
| 34:47 | Crear | Spearman |
| 34:47 | Crear | Spearman |
| 34:47 | Crear | Spearman |
| 35:00 | Crear | Villager (Male) |
| 35:00 | Crear | Villager (Male) |
| 35:37 | Investigar | Scale Mail Armor |
| 35:46 | Investigar | Forging |
| 36:08 | Crear | Trebuchet (Packed) |
| 36:08 | Crear | Trebuchet (Packed) |
| 36:08 | Crear | Trebuchet (Packed) |
| 36:23 | Crear | Scorpion |
| 37:19 | Construir | Mining Camp |
Build order — 649stone
Primeras 150 de 288 acciones detectadas
| 0:00 | Crear | Villager (Male) |
| 0:01 | Crear | Villager (Male) |
| 0:01 | Crear | Villager (Male) |
| 0:02 | Construir | House |
| 0:05 | Construir | House |
| 0:07 | Crear | Villager (Male) |
| 1:24 | Crear | Villager (Male) |
| 1:49 | Construir | Lumber Camp |
| 1:59 | Crear | Villager (Male) |
| 2:15 | Crear | Villager (Male) |
| 2:49 | Crear | Villager (Male) |
| 3:06 | Crear | Villager (Male) |
| 3:40 | Construir | Mill |
| 3:40 | Crear | Villager (Male) |
| 3:49 | Crear | Villager (Male) |
| 4:24 | Crear | Villager (Male) |
| 4:37 | Crear | Villager (Male) |
| 4:41 | Construir | House |
| 4:42 | Construir | House |
| 5:04 | Crear | Villager (Male) |
| 5:04 | Crear | Villager (Male) |
| 5:28 | Crear | Villager (Male) |
| 5:29 | Crear | Villager (Male) |
| 6:01 | Crear | Villager (Male) |
| 6:01 | Crear | Villager (Male) |
| 6:36 | Crear | Villager (Male) |
| 6:36 | Crear | Villager (Male) |
| 6:59 | Crear | Villager (Male) |
| 7:00 | Crear | Villager (Male) |
| 7:11 | Crear | Villager (Male) |
| 7:12 | Crear | Villager (Male) |
| 7:31 | Construir | Farm |
| 7:53 | Construir | Farm |
| 8:22 | Crear | Villager (Male) |
| 8:22 | Crear | Villager (Male) |
| 8:56 | Investigar | Feudal Age |
| 11:39 | Edad | Edad Feudal |
| 11:44 | Construir | Market |
| 11:46 | Construir | Blacksmith |
| 11:59 | Investigar | Horse Collar |
| 12:03 | Investigar | Double-Bit Axe |
| 12:27 | Investigar | Castle Age |
| 12:35 | Construir | House |
| 12:36 | Construir | House |
| 12:41 | Construir | Lumber Camp |
| 13:00 | Investigar | Double-Bit Axe |
| 13:17 | Construir | Farm |
| 13:22 | Construir | Farm |
| 13:25 | Construir | Farm |
| 13:30 | Construir | Farm |
| 13:32 | Construir | Farm |
| 13:42 | Construir | Farm |
| 13:48 | Construir | House |
| 14:09 | Construir | House |
| 14:14 | Construir | House |
| 14:20 | Construir | House |
| 14:49 | Construir | House |
| 15:07 | Edad | Edad de los Castillos |
| 15:10 | Construir | Mining Camp |
| 15:13 | Crear | Villager (Male) |
| 15:27 | Construir | Town Center |
| 15:30 | Crear | Villager (Male) |
| 15:34 | Construir | House |
| 15:41 | Crear | Villager (Male) |
| 15:52 | Investigar | Bow Saw |
| 16:17 | Construir | House |
| 16:21 | Investigar | Heavy Plow |
| 16:28 | Crear | Villager (Male) |
| 16:30 | Crear | Villager (Male) |
| 16:38 | Crear | Villager (Male) |
| 16:50 | Construir | House |
| 16:52 | Crear | Villager (Male) |
| 16:56 | Construir | Farm |
| 17:03 | Construir | Farm |
| 17:04 | Construir | Farm |
| 17:06 | Crear | Villager (Male) |
| 17:29 | Construir | Farm |
| 17:32 | Construir | Farm |
| 17:32 | Crear | Villager (Male) |
| 17:34 | Crear | Villager (Male) |
| 17:42 | Construir | Farm |
| 17:49 | Construir | Farm |
| 17:53 | Crear | Villager (Male) |
| 18:00 | Crear | Villager (Male) |
| 18:13 | Construir | Farm |
| 18:13 | Crear | Villager (Male) |
| 18:16 | Construir | House |
| 18:23 | Construir | Farm |
| 18:32 | Construir | Farm |
| 18:33 | Crear | Villager (Male) |
| 18:36 | Crear | Villager (Male) |
| 18:42 | Construir | Farm |
| 18:51 | Crear | Villager (Male) |
| 18:54 | Crear | Villager (Male) |
| 19:08 | Crear | Villager (Male) |
| 19:19 | Crear | Villager (Male) |
| 19:23 | Construir | Town Center |
| 19:38 | Crear | Villager (Male) |
| 19:42 | Crear | Villager (Male) |
| 19:43 | Crear | Villager (Male) |
| 19:51 | Crear | Villager (Male) |
| 20:02 | Crear | Villager (Male) |
| 20:14 | Crear | Villager (Male) |
| 20:15 | Crear | Villager (Male) |
| 20:18 | Crear | Villager (Male) |
| 20:26 | Construir | Farm |
| 20:27 | Crear | Villager (Male) |
| 20:29 | Construir | Farm |
| 20:31 | Construir | Farm |
| 20:32 | Crear | Villager (Male) |
| 20:34 | Crear | Villager (Male) |
| 20:41 | Construir | Mill |
| 20:47 | Construir | Farm |
| 20:49 | Construir | Farm |
| 20:50 | Crear | Villager (Male) |
| 20:53 | Construir | House |
| 20:54 | Crear | Villager (Male) |
| 21:10 | Crear | Villager (Male) |
| 21:14 | Construir | Farm |
| 21:20 | Construir | Farm |
| 21:23 | Construir | House |
| 21:28 | Crear | Villager (Male) |
| 21:34 | Crear | Villager (Male) |
| 21:40 | Construir | Farm |
| 21:43 | Crear | Villager (Male) |
| 21:45 | Crear | Villager (Male) |
| 21:52 | Construir | Farm |
| 21:56 | Construir | House |
| 22:00 | Construir | Farm |
| 22:09 | Crear | Villager (Male) |
| 22:16 | Construir | Farm |
| 22:18 | Crear | Villager (Male) |
| 22:29 | Crear | Villager (Male) |
| 22:32 | Construir | Farm |
| 22:36 | Crear | Villager (Male) |
| 22:45 | Crear | Villager (Male) |
| 22:51 | Construir | House |
| 22:53 | Construir | House |
| 22:54 | Crear | Villager (Male) |
| 23:02 | Construir | House |
| 23:03 | Construir | House |
| 23:04 | Construir | House |
| 23:05 | Construir | House |
| 23:12 | Crear | Villager (Male) |
| 23:13 | Crear | Villager (Male) |
| 23:17 | Crear | Villager (Male) |
| 23:23 | Construir | House |
| 23:25 | Construir | House |
| 23:36 | Construir | House |
| 23:36 | Construir | House |
Build order — Stavros133936
Primeras 150 de 255 acciones detectadas
| 0:05 | Construir | House |
| 0:06 | Crear | Villager (Male) |
| 0:07 | Crear | Villager (Male) |
| 0:07 | Crear | Villager (Male) |
| 0:09 | Construir | House |
| 0:10 | Crear | Villager (Male) |
| 0:11 | Crear | Villager (Male) |
| 1:33 | Crear | Villager (Male) |
| 2:02 | Construir | Lumber Camp |
| 2:10 | Crear | Villager (Male) |
| 2:33 | Crear | Villager (Male) |
| 3:08 | Crear | Villager (Male) |
| 3:08 | Crear | Villager (Male) |
| 3:45 | Crear | Villager (Male) |
| 4:11 | Crear | Villager (Male) |
| 4:11 | Crear | Villager (Male) |
| 4:18 | Construir | House |
| 4:27 | Crear | Villager (Male) |
| 4:39 | Construir | Mill |
| 5:19 | Crear | Villager (Male) |
| 5:23 | Crear | Villager (Male) |
| 5:46 | Crear | Villager (Male) |
| 6:04 | Construir | Farm |
| 6:37 | Crear | Villager (Male) |
| 6:43 | Construir | Mining Camp |
| 7:04 | Construir | Farm |
| 7:05 | Crear | Villager (Male) |
| 7:14 | Construir | House |
| 7:38 | Crear | Villager (Male) |
| 7:49 | Construir | Farm |
| 8:03 | Crear | Villager (Male) |
| 8:24 | Crear | Villager (Male) |
| 9:07 | Investigar | Feudal Age |
| 9:20 | Construir | Farm |
| 9:44 | Crear | Villager (Male) |
| 9:44 | Crear | Villager (Male) |
| 10:36 | Crear | Villager (Male) |
| 11:09 | Construir | House |
| 11:38 | Construir | Market |
| 12:00 | Crear | Villager (Male) |
| 12:44 | Construir | Blacksmith |
| 12:49 | Crear | Villager (Male) |
| 13:09 | Construir | Farm |
| 13:16 | Construir | Farm |
| 13:24 | Crear | Villager (Male) |
| 13:32 | Construir | House |
| 13:38 | Construir | Farm |
| 13:50 | Crear | Villager (Male) |
| 14:03 | Investigar | Double-Bit Axe |
| 14:13 | Crear | Villager (Male) |
| 14:24 | Construir | Mining Camp |
| 14:40 | Investigar | Wheelbarrow |
| 15:06 | Construir | Farm |
| 15:24 | Investigar | Gold Mining |
| 15:25 | Investigar | Stone Mining |
| 15:42 | Construir | Farm |
| 16:00 | Crear | Villager (Male) |
| 16:19 | Construir | Farm |
| 16:34 | Construir | Farm |
| 16:55 | Investigar | Castle Age |
| 16:55 | Investigar | Castle Age |
| 17:09 | Construir | House |
| 17:10 | Construir | House |
| 17:31 | Construir | Farm |
| 17:32 | Investigar | Horse Collar |
| 17:53 | Construir | Barracks |
| 18:13 | Construir | House |
| 18:17 | Crear | Villager (Male) |
| 18:44 | Construir | Farm |
| 18:44 | Construir | Farm |
| 18:44 | Construir | Farm |
| 18:45 | Construir | Farm |
| 18:53 | Construir | Farm |
| 19:53 | Construir | Town Center |
| 19:57 | Crear | Villager (Male) |
| 20:21 | Crear | Villager (Male) |
| 20:35 | Construir | Lumber Camp |
| 20:44 | Crear | Villager (Male) |
| 21:27 | Construir | Archery Range |
| 21:32 | Crear | Villager (Male) |
| 21:32 | Crear | Villager (Male) |
| 21:34 | Crear | Villager (Male) |
| 21:34 | Crear | Villager (Male) |
| 21:36 | Crear | Villager (Male) |
| 21:36 | Crear | Villager (Male) |
| 21:36 | Crear | Villager (Male) |
| 22:10 | Construir | Farm |
| 22:17 | Construir | Farm |
| 22:20 | Crear | Villager (Male) |
| 22:25 | Construir | Farm |
| 22:39 | Crear | Villager (Male) |
| 22:43 | Investigar | Bow Saw |
| 22:52 | Investigar | Gambesons |
| 22:57 | Investigar | Man-at-Arms (upgrade) |
| 23:00 | Crear | Villager (Male) |
| 23:03 | Crear | Archer |
| 23:03 | Crear | Archer |
| 23:19 | Construir | Farm |
| 23:22 | Construir | Farm |
| 23:34 | Construir | Farm |
| 23:39 | Crear | Villager (Male) |
| 23:39 | Crear | Villager (Male) |
| 23:42 | Construir | Farm |
| 23:50 | Investigar | Forging |
| 24:23 | Investigar | Thumb Ring |
| 24:27 | Investigar | Fletching |
| 24:29 | Crear | Villager (Male) |
| 24:29 | Crear | Villager (Male) |
| 24:30 | Crear | Villager (Male) |
| 24:41 | Construir | Castle |
| 24:52 | Investigar | Hand Cart |
| 25:04 | Crear | Archer |
| 25:07 | Crear | Militia |
| 25:08 | Crear | Militia |
| 25:25 | Investigar | Gold Shaft Mining |
| 25:35 | Construir | House |
| 25:36 | Construir | House |
| 25:38 | Construir | House |
| 25:40 | Construir | House |
| 26:03 | Investigar | Crossbowman (upgrade) |
| 26:21 | Investigar | Bodkin Arrow |
| 26:25 | Crear | Villager (Male) |
| 26:26 | Crear | Villager (Male) |
| 26:30 | Construir | Farm |
| 26:33 | Construir | Farm |
| 26:38 | Construir | Farm |
| 26:39 | Crear | Villager (Male) |
| 26:49 | Construir | House |
| 26:50 | Construir | House |
| 26:56 | Investigar | Loom |
| 26:58 | Crear | Villager (Male) |
| 27:09 | Construir | Town Center |
| 27:16 | Crear | Villager (Male) |
| 27:16 | Crear | Villager (Male) |
| 27:16 | Crear | Villager (Male) |
| 27:25 | Crear | Archer |
| 27:25 | Crear | Archer |
| 27:29 | Investigar | Long Swordsman (upgrade) |
| 27:32 | Crear | Cataphract |
| 27:33 | Crear | Cataphract |
| 27:46 | Investigar | Padded Archer Armor |
| 28:09 | Crear | Villager (Male) |
| 28:09 | Crear | Villager (Male) |
| 28:09 | Crear | Villager (Male) |
| 28:10 | Crear | Villager (Male) |
| 28:10 | Crear | Villager (Male) |
| 28:19 | Construir | Mining Camp |
| 28:22 | Crear | Villager (Male) |
| 28:23 | Crear | Villager (Male) |
| 28:28 | Construir | Farm |
Cronología de la partida
| 9:41 | blader236 · first_building Barracks |
| 11:39 | 649stone · age_up feudal |
| 11:52 | 中手 · age_up feudal |
| 11:55 | AOE2 · age_up feudal |
| 12:27 | 649stone · first_market_sell 100 wood |
| 15:07 | 649stone · age_up castle |
| 15:35 | 中手 · age_up castle |
| 15:50 | 中手 · first_building Monastery |
| 17:14 | blader236 · first_market_buy 100 food |
| 17:26 | blader236 · first_market_sell 100 stone |
| 17:53 | Stavros133936 · first_building Barracks |
| 18:23 | AOE2 · age_up castle |
| 18:24 | blader236 · first_building Archery Range |
| 19:24 | AOE2 · first_building Monastery |
| 19:46 | Stavros133936 · first_market_buy 100 wood |
| 20:23 | FraButtu89 · first_building Castle |
| 20:42 | blader236 · first_building Castle |
| 21:25 | Sandokan2023 · first_building Monastery |
| 21:27 | Stavros133936 · first_building Archery Range |
| 21:38 | jajaJAZ8720 · first_building Castle |
| 22:08 | blader236 · wall_segment Stone Wall x8 |
| 22:29 | FraButtu89 · first_building Barracks |
| 24:27 | 649stone · first_building Castle |
| 24:41 | Stavros133936 · first_building Castle |
| 25:24 | 中手 · first_building Barracks |
| 26:13 | 中手 · first_building Castle |
| 27:40 | Sandokan2023 · first_building Castle |
| 27:56 | AOE2 · first_building Castle |
| 27:58 | 中手 · first_building Stable |
| 28:25 | 649stone · first_building Barracks |
| 28:59 | Stavros133936 · first_market_sell 100 food |
| 29:21 | 649stone · first_market_buy 100 wood |
| 29:23 | 中手 · age_up imperial |
| 29:44 | blader236 · first_building Siege Workshop |
| 29:51 | jajaJAZ8720 · first_building Monastery |
| 29:55 | blader236 · first_building Stable |
| 30:14 | 中手 · first_building Archery Range |
| 30:24 | FraButtu89 · first_building Stable |
| 30:45 | jajaJAZ8720 · first_building Barracks |
| 31:23 | 649stone · age_up imperial |
| 31:47 | Sandokan2023 · first_building Barracks |
| 32:08 | AOE2 · age_up imperial |
| 32:20 | Sandokan2023 · first_building Siege Workshop |
| 32:39 | Stavros133936 · tribute_sent a jugador 1 |
| 32:39 | Stavros133936 · tribute_sent a jugador 2 |
| 32:39 | Stavros133936 · tribute_sent a jugador 3 |
| 32:39 | Stavros133936 · tribute_sent a jugador 4 |
| 32:39 | Stavros133936 · tribute_sent a jugador 5 |
| 32:39 | Stavros133936 · tribute_sent a jugador 6 |
| 32:39 | Stavros133936 · tribute_sent a jugador 7 |
| 33:37 | AOE2 · first_building Siege Workshop |
| 33:45 | AOE2 · first_building Barracks |
| 37:11 | jajaJAZ8720 · resign |
[ ANÁLISIS IA · 1 CRÉDITO ]
¿Qué pasó realmente en esta partida?
Wolo.gg analiza cada decisión: build order, eco, micro, errores típicos por bracket. Análisis personalizado por WhatsApp o Discord en 30 segundos.
Guía civ
Polacos
Guía mapa
Arena
Perfil
Jugador #936735